TOP OF THE 1ST |
Vancouver Vipers batting - Pitching for Calgary Cowboys : RHP Jimmy Branch
|
Pitching: RHP Jimmy Branch
|
|
Batting: LHB Marcos Cantú
|
0-0: Ball 1-0: Swinging Strike 1-1: Ball 2-1: Ball 3-1: Foul Ball, location: 2F 3-2: SINGLE (Line Drive, 56S)
|
Batting: LHB Mike Williams
|
0-0: Called Strike 0-1: Called Strike 0-2: Ball 1-2: Ball 2-2: Ball 3-2: Base on Balls Marcos Cantú to second
|
Batting: SHB Henry Copeland
|
0-0: Called Strike Marcos Cantú is caught stealing 3rd base Mike Williams to second 0-1: Foul Ball, location: 2F 0-2: Fly out, F7 (Flyball, 78D)
|
Batting: RHB Arthur Dumais
|
0-0: Called Strike 0-1: Called Strike 0-2: Ball 1-2: Foul Ball, location: 2F 1-2: Foul Ball, location: 2F 1-2: Foul Ball, location: 2F 1-2: Strikes out looking
|
Top of the 1st over - 0 run(s), 1 hit(s), 0 error(s), 1 left on base; Vancouver 0 - Calgary 0 |
BOTTOM OF THE 1ST |
Calgary Cowboys batting - Pitching for Vancouver Vipers : RHP Gustavo Ramos
|
Pitching: RHP Gustavo Ramos
|
|
Batting: RHB Clark Hodge
|
0-0: Ball 1-0: Called Strike 1-1: Ball 2-1: Swinging Strike 2-2: Strikes out swinging
|
Batting: SHB Juan Acevado
|
0-0: Called Strike 0-1: Swinging Strike 0-2: Strikes out looking
|
Batting: RHB Dan Wyatt
|
0-0: Ball 1-0: Called Strike 1-1: Foul Ball, location: 2F 1-2: Ball 2-2: Foul Ball, location: 2F 2-2: Strikes out swinging
|
Bottom of the 1st over - 0 run(s), 0 hit(s), 0 error(s), 0 left on base; Vancouver 0 - Calgary 0 |
TOP OF THE 2ND |
Vancouver Vipers batting - Pitching for Calgary Cowboys : RHP Jimmy Branch
|
Batting: LHB Ray Spencer
|
0-0: Called Strike 0-1: Foul Ball, location: 2F 0-2: Ball 1-2: Fly out, F3 (Line Drive, 3S)
|
Batting: RHB Xavier Feliciano
|
0-0: Ball 1-0: Ball 2-0: Ball 3-0: Base on Balls
|
Batting: RHB Kenneth Corbitt
|
0-0: Ball 1-0: Called Strike 1-1: Ball 2-1: Foul Ball, location: 2F 2-2: Fly out, F7 (Flyball, 78D)
|
Batting: RHB Tomás Estrada
|
0-0: Ball 1-0: Ball 2-0: Swinging Strike 2-1: Fly out, F8 (Flyball, 8LXD)
|
Top of the 2nd over - 0 run(s), 0 hit(s), 0 error(s), 1 left on base; Vancouver 0 - Calgary 0 |
BOTTOM OF THE 2ND |
Calgary Cowboys batting - Pitching for Vancouver Vipers : RHP Gustavo Ramos
|
Batting: RHB Jorge Balencia
|
0-0: Called Strike 0-1: Ball 1-1: Foul Ball, location: 2F 1-2: Foul Ball, location: 2F 1-2: Ball 2-2: Ball 3-2: Base on Balls
|
Batting: RHB Ramón Martínez
|
0-0: Foul Ball, location: 2F 0-1: Ball 1-1: Swinging Strike 1-2: Ball 2-2: Strikes out swinging
|
Batting: RHB Jesús Hernández
|
0-0: Fly out, F8 (Popup, 4MD)
|
Batting: RHB Shayne Burry
|
0-0: Called Strike 0-1: Ball 1-1: Ball 2-1: Ball 3-1: Foul Ball, location: 2F 3-2: Foul Ball, location: 2F 3-2: Strikes out swinging
|
Bottom of the 2nd over - 0 run(s), 0 hit(s), 0 error(s), 1 left on base; Vancouver 0 - Calgary 0 |
TOP OF THE 3RD |
Vancouver Vipers batting - Pitching for Calgary Cowboys : RHP Jimmy Branch
|
Batting: RHB Cristo Gilera
|
0-0: Called Strike 0-1: Ball 1-1: Fly out, F6 (Popup, 5DF)
|
Batting: LHB Marcos Cantú
|
0-0: SINGLE (Groundball, 15) (infield hit)
|
Batting: LHB Mike Williams
|
0-0: Ball 1-0: Called Strike 1-1: Foul Ball, location: 2F 1-2: Fielders Choice at 2nd, 4-6 (Groundball, 34)
|
Batting: SHB Henry Copeland
|
0-0: Called Strike 0-1: Ball 1-1: Swinging Strike 1-2: Strikes out swinging
|
Top of the 3rd over - 0 run(s), 1 hit(s), 0 error(s), 1 left on base; Vancouver 0 - Calgary 0 |
BOTTOM OF THE 3RD |
Calgary Cowboys batting - Pitching for Vancouver Vipers : RHP Gustavo Ramos
|
Batting: RHB Tom Yarbrough
|
0-0: Swinging Strike 0-1: Foul Ball, location: 2F 0-2: Ball 1-2: Foul Ball, location: 2F 1-2: Ball 2-2: Strikes out swinging
|
Batting: RHB Iain Liefting
|
0-0: Ball 1-0: Ball 2-0: Foul Ball, location: 2F 2-1: Ground out 6-3 (Groundball, 6)
|
Batting: RHB Clark Hodge
|
0-0: Ball 1-0: Called Strike 1-1: Ball 2-1: Foul Ball, location: 2F 2-2: Ball 3-2: Fly out, F2 (Popup, 23F)
|
Bottom of the 3rd over - 0 run(s), 0 hit(s), 0 error(s), 0 left on base; Vancouver 0 - Calgary 0 |
TOP OF THE 4TH |
Vancouver Vipers batting - Pitching for Calgary Cowboys : RHP Jimmy Branch
|
Batting: RHB Arthur Dumais
|
0-0: Ball 1-0: Ball 2-0: Foul Ball, location: 2F 2-1: SINGLE (Groundball, 4MD) (infield hit)
|
Batting: LHB Ray Spencer
|
0-0: SINGLE (Flyball, 4MD) Arthur Dumais to second Runner from 2nd tries for 3rd, SAFE, throw made to third
|
Batting: RHB Xavier Feliciano
|
0-0: Ball 1-0: Ball 2-0: Called Strike 2-1: Ball 3-1: Base on Balls Ray Spencer to second
|
Batting: RHB Kenneth Corbitt
|
0-0: Ball 1-0: Foul Ball, location: 2F 1-1: Ball 2-1: Fielders Choice at 2nd, 4-6 (Groundball, 4MD) Arthur Dumais scores Ray Spencer to third
|
Batting: RHB Tomás Estrada
|
0-0: Ball 1-0: Swinging Strike 1-1: Grounds into double play, 1-6-3 (Groundball, 15)
|
Top of the 4th over - 1 run(s), 2 hit(s), 0 error(s), 1 left on base; Vancouver 1 - Calgary 0 |
BOTTOM OF THE 4TH |
Calgary Cowboys batting - Pitching for Vancouver Vipers : RHP Gustavo Ramos
|
Batting: SHB Juan Acevado
|
0-0: Called Strike 0-1: Ball 1-1: Ball 2-1: Ball 3-1: Base on Balls
|
Batting: RHB Dan Wyatt
|
0-0: Fly out, F8 (Flyball, 8LS)
|
Batting: RHB Jorge Balencia
|
0-0: Swinging Strike 0-1: Called Strike 0-2: Foul Ball, location: 2F 0-2: Foul Ball, location: 2F 0-2: Ball 1-2: Fielders Choice at 2nd, 6-4 (Groundball, 6)
|
Batting: RHB Ramón Martínez
|
0-0: Called Strike 0-1: Called Strike 0-2: Strikes out swinging
|
Bottom of the 4th over - 0 run(s), 0 hit(s), 0 error(s), 1 left on base; Vancouver 1 - Calgary 0 |
TOP OF THE 5TH |
Vancouver Vipers batting - Pitching for Calgary Cowboys : RHP Jimmy Branch
|
Batting: RHB Cristo Gilera
|
0-0: Ball 1-0: Foul Ball, location: 2F 1-1: Ball 2-1: Ground out 6-3 (Groundball, 6)
|
Batting: LHB Marcos Cantú
|
0-0: Foul Ball, location: 2F 0-1: Ball 1-1: Ball 2-1: Called Strike 2-2: Foul Ball, location: 2F 2-2: Strikes out swinging
|
Batting: LHB Mike Williams
|
0-0: Called Strike 0-1: Ball 1-1: Called Strike 1-2: Strikes out swinging
|
Top of the 5th over - 0 run(s), 0 hit(s), 0 error(s), 0 left on base; Vancouver 1 - Calgary 0 |
BOTTOM OF THE 5TH |
Calgary Cowboys batting - Pitching for Vancouver Vipers : RHP Gustavo Ramos
|
Batting: RHB Jesús Hernández
|
0-0: Fly out, F8 (Flyball, 8RM)
|
Batting: RHB Shayne Burry
|
0-0: Called Strike 0-1: Ball 1-1: DOUBLE (Flyball, 8LS)
|
Batting: RHB Tom Yarbrough
|
0-0: Hit by Pitch
|
Batting: RHB Iain Liefting
|
0-0: Ball 1-0: Called Strike 1-1: Swinging Strike 1-2: Ball 2-2: Ball 3-2: Base on Balls Shayne Burry to third Tom Yarbrough to second
|
Batting: RHB Clark Hodge
|
0-0: Ball 1-0: Ball 2-0: Ball 3-0: Called Strike 3-1: Foul Ball, location: 2F 3-2: Base on Balls Shayne Burry scores Tom Yarbrough to third Iain Liefting to second
|
Batting: SHB Juan Acevado
|
0-0: SINGLE (Flyball, 8LS) Tom Yarbrough scores Iain Liefting to third Clark Hodge to second
|
Batting: RHB Dan Wyatt
|
0-0: Called Strike 0-1: Ball 1-1: Called Strike 1-2: SINGLE (Groundball, 56D) Iain Liefting scores Clark Hodge to third Juan Acevado to second
|
Batting: RHB Jorge Balencia
|
0-0: Fly out, F7 (Flyball, 78D) Runner from 3rd tags up, SCORES, no throw
|
Batting: RHB Ramón Martínez
|
0-0: Called Strike 0-1: Swinging Strike 0-2: Strikes out looking
|
Bottom of the 5th over - 4 run(s), 3 hit(s), 0 error(s), 2 left on base; Vancouver 1 - Calgary 4 |
TOP OF THE 6TH |
Vancouver Vipers batting - Pitching for Calgary Cowboys : RHP Jimmy Branch
|
Batting: SHB Henry Copeland
|
0-0: Swinging Strike 0-1: Ball 1-1: Ball 2-1: Called Strike 2-2: Strikes out swinging
|
Batting: RHB Arthur Dumais
|
0-0: Foul Ball, location: 2F 0-1: Foul Ball, location: 2F 0-2: Foul Ball, location: 2F 0-2: Ball 1-2: Ball 2-2: Fly out, F8 (Flyball, 8RS)
|
Batting: LHB Ray Spencer
|
0-0: Ball 1-0: Ball 2-0: Ball 3-0: Base on Balls
|
Batting: RHB Xavier Feliciano
|
0-0: Called Strike Ray Spencer steals 2nd base 0-1: Foul Ball, location: 2F 0-2: Strikes out looking
|
Top of the 6th over - 0 run(s), 0 hit(s), 0 error(s), 1 left on base; Vancouver 1 - Calgary 4 |
BOTTOM OF THE 6TH |
Calgary Cowboys batting - Pitching for Vancouver Vipers : RHP Gustavo Ramos
|
Pitching: LHP Francisco Flores
|
|
Batting: RHB Jesús Hernández
|
0-0: Called Strike 0-1: Swinging Strike 0-2: Ball 1-2: Strikes out looking
|
Batting: RHB Shayne Burry
|
0-0: Called Strike 0-1: Ground out 6-3 (Groundball, 56)
|
Batting: RHB Tom Yarbrough
|
0-0: Ball 1-0: Fly out, F8 (Flyball, 8RM)
|
Bottom of the 6th over - 0 run(s), 0 hit(s), 0 error(s), 0 left on base; Vancouver 1 - Calgary 4 |
TOP OF THE 7TH |
Vancouver Vipers batting - Pitching for Calgary Cowboys : RHP Jimmy Branch
|
Pitching: RHP Mitsunari Jouda
|
|
Batting: RHB Kenneth Corbitt
|
0-0: Called Strike 0-1: Swinging Strike 0-2: Ball 1-2: Strikes out swinging
|
Batting: RHB Tomás Estrada
|
0-0: Called Strike 0-1: Ball 1-1: Foul Ball, location: 2F 1-2: Ball 2-2: Foul Ball, location: 2F 2-2: Ground out 4-3 (Groundball, 4)
|
Batting: RHB Cristo Gilera
|
0-0: Ball 1-0: Called Strike 1-1: Swinging Strike 1-2: Ball 2-2: Strikes out swinging
|
Top of the 7th over - 0 run(s), 0 hit(s), 0 error(s), 0 left on base; Vancouver 1 - Calgary 4 |
BOTTOM OF THE 7TH |
Calgary Cowboys batting - Pitching for Vancouver Vipers : LHP Francisco Flores
|
Batting: RHB Iain Liefting
|
0-0: SINGLE (Line Drive, 6MD)
|
Batting: RHB Clark Hodge
|
0-0: Ball 1-0: Sac Bunt - play at first, batter OUT! 1-4 Iain Liefting to second
|
Batting: SHB Juan Acevado
|
0-0: Called Strike 0-1: Called Strike 0-2: Ball 1-2: Ball 2-2: Ball 3-2: Strikes out looking
|
Batting: RHB Dan Wyatt
|
0-0: Ball 1-0: Ball 2-0: Ball 3-0: Called Strike 3-1: Fly out, F7 (Flyball, 7M)
|
Bottom of the 7th over - 0 run(s), 1 hit(s), 0 error(s), 1 left on base; Vancouver 1 - Calgary 4 |
TOP OF THE 8TH |
Vancouver Vipers batting - Pitching for Calgary Cowboys : RHP Mitsunari Jouda
|
Batting: LHB Marcos Cantú
|
0-0: Ground out 4-3 (Groundball, 34)
|
Batting: LHB Mike Williams
|
0-0: Ball 1-0: Swinging Strike 1-1: Ball 2-1: Ball 3-1: Base on Balls
|
Pitching: RHP Luis Antonio Martínez
|
|
Batting: SHB Henry Copeland
|
0-0: Called Strike 0-1: SINGLE (Groundball, 3D) Mike Williams to second Runner from 2nd tries for 3rd, SAFE, no throw or cutoff
|
Batting: RHB Arthur Dumais
|
0-0: Called Strike 0-1: Called Strike 0-2: Ball 1-2: SINGLE (Line Drive, 4M) Mike Williams scores Henry Copeland to second
|
Batting: LHB Ray Spencer
|
0-0: Ball 1-0: Ball 2-0: Fly out, F7 (Flyball, 78M)
|
Batting: RHB Xavier Feliciano
|
0-0: Ball 1-0: Ball 2-0: Called Strike 2-1: Foul Ball, location: 2F 2-2: Fly out, F9 (Flyball, 89S)
|
Top of the 8th over - 1 run(s), 2 hit(s), 0 error(s), 2 left on base; Vancouver 2 - Calgary 4 |
BOTTOM OF THE 8TH |
Calgary Cowboys batting - Pitching for Vancouver Vipers : LHP Francisco Flores
|
Pitching: RHP José García
|
|
Batting: RHB Jorge Balencia
|
0-0: Fly out, F5 (Popup, 56S)
|
Batting: RHB Ramón Martínez
|
0-0: Called Strike 0-1: Ball 1-1: Ball 2-1: Swinging Strike 2-2: DOUBLE (Line Drive, 5L)
|
Batting: RHB Jesús Hernández
|
0-0: Ball 1-0: DOUBLE (Flyball, 8RM) Ramón Martínez scores
|
Batting: RHB Shayne Burry
|
0-0: Intentional Walk
|
Batting: RHB Tom Yarbrough
|
0-0: Fly out, F7 (Line Drive, 78S)
|
Batting: RHB Iain Liefting
|
0-0: Called Strike 0-1: Ball 1-1: Foul Ball, location: 2F 1-2: Ground out U3 (Groundball, 3)
|
Bottom of the 8th over - 1 run(s), 2 hit(s), 0 error(s), 2 left on base; Vancouver 2 - Calgary 5 |
TOP OF THE 9TH |
Vancouver Vipers batting - Pitching for Calgary Cowboys : RHP Luis Antonio Martínez
|
Pitching: LHP Alfredo Durán
|
|
Batting: RHB Kenneth Corbitt
|
0-0: Ball 1-0: Swinging Strike 1-1: Ball 2-1: Ball Single, Error in OF, E9, batter to second base
|
Batting: RHB Tomás Estrada
|
0-0: Foul Ball, location: 2F 0-1: Called Strike 0-2: Ball 1-2: Ball 2-2: Ball 3-2: Foul Ball, location: 2F 3-2: Foul Ball, location: 2F 3-2: Foul Ball, location: 2F 3-2: Foul Ball, location: 2F 3-2: Ground out 6-3 (Groundball, 6)
|
Batting: RHB Cristo Gilera
|
0-0: Called Strike 0-1: Ball 1-1: Ball 2-1: Ground out 6-3 (Groundball, 6)
|
Batting: LHB Marcos Cantú
|
0-0: DOUBLE (Flyball, 7LM) Kenneth Corbitt scores
|
Pinch Hitting: RHB Pedro Fuentes
|
0-0: Called Strike 0-1: Reached on error, E6 (Groundball, 6) Marcos Cantú to third
|
Batting: SHB Henry Copeland
|
0-0: DOUBLE (Line Drive, 8LD) Marcos Cantú scores Pedro Fuentes to third
|
Pinch Hitting: RHB Howard Lane
|
0-0: Foul Ball, location: 2F 0-1: Ball 1-1: Ball 2-1: Foul Ball, location: 2F 2-2: Foul Ball, location: 2F 2-2: SINGLE (Groundball, 56D) Pedro Fuentes scores Henry Copeland to third Runner from 3rd tries for Home, SAFE, no throw or cutoff
|
Pitching: LHP Mario Rosário
|
|
Pinch Hitting: RHB Dan Tyler
|
0-0: Ball 1-0: Ball 2-0: Foul Ball, location: 2F 2-1: Ball 3-1: Base on Balls Howard Lane to second
|
Batting: RHB Xavier Feliciano
|
0-0: Called Strike 0-1: Swinging Strike 0-2: Strikes out swinging
|
Top of the 9th over - 4 run(s), 4 hit(s), 2 error(s), 2 left on base; Vancouver 6 - Calgary 5 |
BOTTOM OF THE 9TH |
Calgary Cowboys batting - Pitching for Vancouver Vipers : RHP José García
|
Pitching: RHP Ulric Duval
|
|
Now at 3B: Lorenzo González
|
|
Now in LF: Dan Tyler
|
|
Now in RF: Pedro Fuentes
|
|
Batting: RHB Clark Hodge
|
0-0: Ball 1-0: Called Strike 1-1: Ball 2-1: Ball 3-1: Called Strike 3-2: Ground out 1-3 (Groundball, 15)
|
Batting: SHB Juan Acevado
|
0-0: Ball 1-0: SINGLE (Line Drive, 6MD)
|
Batting: RHB Dan Wyatt
|
0-0: Swinging Strike 0-1: Ball 1-1: Ball 2-1: Foul Ball, location: 2F 2-2: Foul Ball, location: 2F 2-2: SINGLE (Line Drive, 56D) Juan Acevado to second
|
Batting: RHB Jorge Balencia
|
0-0: Called Strike 0-1: Ball 1-1: Grounds into double play, 2-6-3 (Groundball, 2L)
|
Bottom of the 9th over - 0 run(s), 2 hit(s), 0 error(s), 1 left on base; Vancouver 6 - Calgary 5 |
|